 Dungeon Crawl Stone Soup version 0.14.2 (webtiles) character file.

5462 Chiseanne the Covert (level 10, 0/46 HPs)
             Began as a Spriggan Assassin on Jan 20, 2016.
             Was a Believer of Okawaru.
             Slain by Grum
             ... wielding a -1,+0 halberd
              (19 damage)
             ... while paralysed by a giant eyeball
             ... on Level 9 of the Dungeon on Jan 21, 2016.
             The game lasted 01:06:36 (13384 turns).

Chiseanne the Covert (Spriggan Assassin)           Turns: 13384, Time: 01:06:36

HP   0/46        AC  5     Str  9      XL: 10   Next: 37%
MP  28/28        EV  4     Int 13      God: Okawaru [**....]
Gold 166         SH  0     Dex 21      Spells:  0 memorised,  9 levels left

rFire  . . .     SeeInvis +     a - +0,+2 dagger (venom)
rCold  . . .     Clarity  .     y - +2 robe {rN+}
rNeg   + . .     Conserve .     (shield restricted)
rPois  .         rCorr    .     (helmet restricted)
rElec  .         rRot     .     d - +0 cloak
SustAb . .       Spirit   .     (gloves unavailable)
rMut   .         Warding  .     (boots unavailable)
Saprov . . .     Stasis   .     (no amulet)
MR     +....                    A - ring of invisibility
                                L - +2 ring of strength

@: paralysed, very quick, somewhat resistant to hostile enchantments, extremely
stealthy
A: unfitting armour, see invisible, herbivore 3, speed 3, slow metabolism 2
a: Heroism, Renounce Religion, Evoke Invisibility


You were on level 9 of the Dungeon.
You worshipped Okawaru.
Okawaru was pleased with you.
You were not hungry.

You visited 2 branches of the dungeon, and saw 10 of its levels.

You collected 397 gold pieces.
You spent 231 gold pieces at shops.

Inventory:

Hand weapons
 a - a +0,+2 dagger of venom (weapon)
 e - a +2,+2 bow of flame
 s - a +2,+2 dagger of freezing
 v - a +1,+2 dagger of holy wrath
 w - a +0 blowgun
Missiles
 c - 4 curare-tipped needles
 m - 69 poisoned needles
 o - 5 needles of sleeping
 r - 116 arrows
Armour
 d - a +0 cloak (worn)
 g - a troll hide
 y - a +2 robe of positive energy (worn)
Magical devices
 j - a wand of confusion (16)
 F - a wand of confusion (8)
 G - a wand of fire (4)
Comestibles
 k - 3 bread rations
 u - an apple
Scrolls
 t - 6 scrolls of remove curse
 B - a scroll of teleportation
 H - a scroll of magic mapping
 N - a scroll of immolation
 P - 2 scrolls of fear
Jewellery
 f - an uncursed ring of positive energy {unknown}
 i - a cursed ring of teleportation
 A - a ring of invisibility (right hand)
 J - an uncursed amulet of stasis
 L - a +2 ring of strength (left hand)
Potions
 b - 2 potions of haste
 h - a potion of brilliance
 l - 4 potions of agility
 n - a potion of magic
 p - a potion of berserk rage {unknown}
 q - 11 potions of curing
 x - 2 potions of might
 z - 2 potions of restore abilities
 E - a potion of invisibility
 O - a potion of resistance
Books
 C - a book of Control

   Spells                             Type                      Level
   Control Teleport                   Charms/Translocation         4
   Control Undead                     Necromancy                   4
   Enslavement                        Hexes                        4
   Metabolic Englaciation             Hexes/Ice                    5
   Mass Confusion                     Hexes                        6
 K - a book of Necromancy

   Spells                             Type                      Level
   Pain                               Necromancy                   1
   Animate Skeleton                   Necromancy                   1
   Lethal Infusion                    Charms/Necromancy            2
   Vampiric Draining                  Necromancy                   3
   Regeneration                       Charms/Necromancy            3
   Animate Dead                       Necromancy                   4
   Control Undead                     Necromancy                   4


   Skills:
 - Level 1.5 Fighting
 - Level 5.3 Short Blades
 - Level 2.0 Bows
 - Level 5.5 Throwing
 - Level 9.2 Dodging
 - Level 13.0 Stealth
 + Level 13.0 Evocations


You had 9 spell levels left.
You didn't know any spells.

Dungeon Overview and Level Annotations

Branches:
Dungeon (9/15)             Temple (1/1) D:5
    Orc: D:9-12        Lair: D:8-11

Altars:
Ashenzari
Dithmenos
Elyvilon
Fedhas
Kikubaaqudgha
Makhleb
Nemelex Xobeh
Okawaru
Sif Muna
Trog
Vehumet
Xom
Yredelemnul
Zin
The Shining One

Shops:
D:4 *   D:7 !

Annotations:
D:3 Grinder
D:4 casual's ghost, average CeAE
D:9 Grum; casual's ghost, experienced OpTm


Innate Abilities, Weirdness & Mutations

You are tiny and cannot use many weapons and most armour.
You have supernaturally acute eyesight.
You are a herbivore.
You cover ground extremely quickly.
You need consume almost no food.


Message History

You kill the orc!
Okawaru accepts your kill.
Things that are here:
a short sword; a dyed leather armour; an orc corpse Grum comes into view.
He is wielding a halberd.
Grum growls angrily.
A wolf comes into view.
A giant eyeball comes into view.
Grum barely misses you.
You hit Grum but do no damage.
Grum is poisoned.
Grum misses you.
You hit Grum.
Grum looks even sicker.
Grum is lightly wounded.
The wolf misses you. Grum completely misses you.
You completely miss Grum.
Grum is lightly wounded.
The wolf closely misses you. The giant eyeball stares at you.
You suddenly lose the ability to move!
The wolf bites you! Grum hits you with a halberd! The wolf bites you.
The wolf barely misses you. Grum hits you with a halberd!
You die...

........ #....... ......
#######. #'#### ######
#. ##'## #....#####[
#...#####.##..)....
#####.............#####
.....'...............>..
#####...#####.#...#####
#.@.# #.#........
#.....gh.# #.###......
#........#####...%......
#..G.....#..............
#......###..............
...... #.........#####
..... #.........# ....
#.........# .
###########


You could see Grum, a wolf and a giant eyeball.

Vanquished Creatures
  A gargoyle (D:9)
  2 trolls (D:9)
  Eustachio (D:4)
  A wolf (D:9)
  A steam dragon (D:9)
  A necrophage (D:9)
  3 water moccasins
  A black bear (D:9)
  3 orc warriors
  3 phantoms
  3 sky beasts
  3 ogres
  5 centaurs
  Sigmund (D:4)
  A giant frog (D:6)
  A big kobold (D:9)
  Blork the orc (D:7)
  3 jellies
  3 scorpions
  7 wights
  A quasit (D:6)
  6 crimson imps
  5 hounds
  11 orc wizards
  5 orc priests
  An iguana (D:8)
  A gnoll shaman (D:4)
  6 worker ants
  A big kobold skeleton (D:6)
  Ijyb (D:2)
  A mummy (D:8)
  6 gnolls
  12 adders
  A goliath beetle zombie (D:9)
  An inept item mimic (D:3)
  4 shadow imps
  5 worms
  2 iguana zombies
  An adder skeleton (D:4)
  2 giant eyeballs
  5 giant geckos
  33 orcs
  A ball python (D:1)
  15 bats
  4 giant cockroaches
  11 hobgoblins
  10 jackals
  5 quokkas
  10 giant newts
  25 goblins
  A hobgoblin skeleton (D:6)
  18 kobolds
  28 rats
  A rat skeleton (D:5)
285 creatures vanquished.

Vanquished Creatures (others)
  An orc wizard (D:8)
1 creature vanquished.

Grand Total: 286 creatures vanquished

Notes
Turn   | Place    | Note
--------------------------------------------------------------
     0 | D:1      | Chiseanne, the Spriggan Assassin, began the quest for the Orb.
     0 | D:1      | Reached XP level 1. HP: 10/10 MP: 2/2
    53 | D:1      | Reached skill level 6 in Stealth
   483 | D:1      | Reached XP level 2. HP: 11/14 MP: 4/4
   867 | D:1      | Reached XP level 3. HP: 14/18 MP: 6/6
  1021 | D:2      | Reached skill level 7 in Stealth
  1308 | D:2      | Noticed Ijyb
  1392 | D:2      | Reached XP level 4. HP: 22/22 MP: 8/8
  1418 | D:2      | Killed Ijyb
  2313 | D:3      | Noticed Grinder
  2365 | D:3      | Noticed casual's ghost (average CeAE)
  2573 | D:3      | Reached skill level 5 in Dodging
  2573 | D:3      | Reached XP level 5. HP: 21/25 MP: 10/10
  2623 | D:3      | test
  3649 | D:3      | Reached skill level 8 in Stealth
  4389 | D:4      | Reached XP level 6. HP: 30/30 MP: 12/12
  4409 | D:4      | Noticed Eustachio
  4449 | D:4      | Killed Eustachio
  4449 | D:4      | Reached skill level 9 in Stealth
  4618 | D:4      | Noticed casual's ghost (average CeAE)
  4644 | D:4      | Noticed an ogre
  4648 | D:4      | Killed an ogre
  4714 | D:4      | Reached XP level 7. HP: 33/33 MP: 14/14
  4974 | D:4      | Noticed Sigmund
  4987 | D:4      | Killed Sigmund
  4987 | D:4      | Reached skill level 10 in Stealth
  5730 | D:4      | Found Kusil's Serpentskin Sales.
  5730 | D:4      | Noticed a water moccasin
  5730 | D:4      | Noticed a water moccasin
  5733 | D:4      | Killed a water moccasin
  5758 | D:4      | Killed a water moccasin
  5758 | D:4      | Reached skill level 5 in Short Blades
  5758 | D:4      | Reached XP level 8. HP: 25/37 MP: 16/16
  5764 | D:4      | Bought a potion of poison for 13 gold pieces
  5768 | D:4      | Bought 2 curare-tipped needles for 15 gold pieces
  5927 | D:5      | Entered Level 5 of the Dungeon
  5965 | D:5      | Reached skill level 11 in Stealth
  6318 | D:5      | Reached skill level 1 in Evocations
  6673 | D:5      | Found a staircase to the Ecumenical Temple.
  6920 | Temple   | Entered the Ecumenical Temple
  7834 | D:6      | Paralysed by a giant eyeball for 2 turns
  8209 | D:6      | Reached skill level 12 in Stealth
  8694 | D:7      | Found an iron altar of Okawaru.
  8734 | D:7      | Became a worshipper of Warmaster Okawaru
  8945 | D:7      | Reached skill level 5 in Evocations
  8967 | D:7      | Reached XP level 9. HP: 16/41 MP: 22/22
  9181 | D:7      | Reached skill level 5 in Throwing
  9272 | D:7      | Noticed Blork the orc
  9577 | D:7      | Killed Blork the orc
  9737 | D:7      | Found Ytettits' Distillery.
  9742 | D:7      | Bought a potion of confusion for 14 gold pieces
  9742 | D:7      | Bought a potion of brilliance for 35 gold pieces
  9742 | D:7      | Bought a potion of lignification for 28 gold pieces
  9742 | D:7      | Bought a potion of resistance for 98 gold pieces
  9742 | D:7      | Bought a potion of curing for 28 gold pieces
  9785 | D:7      | Found a burning altar of Makhleb.
  9985 | D:8      | Found a glowing silver altar of Zin.
  9987 | D:8      | Reached skill level 13 in Stealth
 10148 | D:8      | Acquired Okawaru's first power
 11196 | D:9      | Reached skill level 10 in Evocations
 11568 | D:9      | Noticed a gargoyle
 11787 | D:9      | Killed a gargoyle
 11787 | D:9      | Reached XP level 10. HP: 39/46 MP: 25/27
 11937 | D:9      | Reached skill level 1 in Bows
 12667 | D:9      | Noticed casual's ghost (experienced OpTm)
 13376 | D:9      | Noticed Grum
 13382 | D:9      | Paralysed by a giant eyeball for 3 turns
 13384 | D:9      | Slain by Grum

Action                   |  1- 3 |  4- 6 |  7- 9 | 10-12 || total
-------------------------+-------+-------+-------+-------++-------
Melee: Dagger            |   122 |   164 |   471 |    97 ||   854
 Fire: Blowgun           |    12 |    17 |    91 |    18 ||   138
       Bow               |       |       |    41 |    30 ||    71
Throw: Dart              |       |     5 |    25 |       ||    30
       Tomahawk          |       |       |     7 |       ||     7
 Abil: Evoke Invisibilit |       |       |     3 |       ||     3
Evoke: Wand              |       |       |    17 |       ||    17
  Use: Scroll            |     4 |     5 |    12 |     1 ||    22
       Potion            |       |       |     2 |       ||     2
 Stab: Sleeping          |     8 |    12 |    39 |     5 ||    64
       Invisible         |       |       |     8 |       ||     8
       Distracted        |       |       |       |     1 ||     1
